 Dungeon Crawl Stone Soup version 0.26-a0-597-gb535b0901c (webtiles) character file.

Game seed: 16303389500592237482

4 Apogee the Chiller (level 1, -4/13 HPs)
             Began as a Merfolk Ice Elementalist on Sept 15, 2020.
             Slain by a gnoll
             ... wielding a +0 halberd
              (17 damage)
             ... on level 1 of the Dungeon.
             The game lasted 00:00:36 (106 turns).

Apogee the Chiller (Merfolk Ice Elementalist)        Turns: 106, Time: 00:00:36

Health: -4/13      AC:  2    Str:  8    XL:     1   Next: 70%
Magic:  1/3        EV: 13    Int: 14    God:
Gold:   0          SH:  0    Dex: 14    Spells: 3/4 levels left

rFire    . . .     SeeInvis .   (no weapon)
rCold    . . .     Faith    .   (no shield)
rNeg     . . .     Spirit   .   a - +0 robe
rPois    .         Reflect  .   (no helmet)
rElec    .         Harm     .   (no cloak)
rCorr    .                      (no gloves)
MR       .....                  (no boots)
Stlth    ++........             (no amulet)
HPRegen  0.04/turn              (no ring)
MPRegen  0.08/turn              (no ring)

@: no status effects
A: change form in water, swift swim, stealthy swim
a: no special abilities


You were on level 1 of the Dungeon.
You visited 1 branch of the dungeon, and saw 1 of its levels.

Inventory:

Missiles
 d - 4 boomerangs (quivered)
Armour
 a - a +0 robe (worn)
Scrolls
 b - a scroll of fear {unknown}
 e - a scroll of remove curse {unknown}
Potions
 c - a potion of heal wounds {unknown}


   Skills:
 + Level 2.8 Dodging
 + Level 2.3 Stealth
 + Level 2.1 Spellcasting
 + Level 4.4 Ice Magic


You had 3 spell levels left.
You knew the following spells:

 Your Spells              Type           Power        Failure   Level
a - Freeze                Ice            ##..         3%          1

Your spell library contained the following spells:

 Spells                   Type           Power        Failure   Level
 Frozen Ramparts          Ice            ##....       12%         3
 Ozocubu's Armour         Ice            ##......     12%         3
 Hailstorm                Conj/Ice       #.......     67%         4
 Summon Ice Beast         Ice/Summ       #.......     67%         4


Dungeon Overview and Level Annotations

Branches:
Dungeon (1/15)

Altars:


Message History

d - 5 boomerangs A jackal comes into view.
You can't see any susceptible monsters within range! (Use Z to cast anyway.) Unknown command.
A jackal comes into view.
The jackal barks! x2
The jackal barely misses you.
Aim: a jackal You freeze the jackal!
You kill the jackal!
Aim: a jackal You freeze the jackal.
The jackal misses you.
Aim: a jackal (almost dead)
You freeze the jackal.
You kill the jackal!
You start resting.
A rat comes into view.
Found a scroll labeled CUIRGH SERGHANE.
A rat is nearby!
Throwing (i - inventory)
d - 5 boomerangs (quivered)
Aim: a rat (asleep)
You throw a boomerang. The boomerang hits the rat.
You kill the rat!
Found 12 gold pieces.
e - a scroll labeled CUIRGH SERGHANE You see here a rat corpse.
A gnoll comes into view. It is wielding a +0 halberd.
The gnoll shouts!
Throwing (i - inventory)
d - 4 boomerangs (quivered)
Aim: a gnoll, wielding a +0 halberd You throw a boomerang.
The boomerang closely misses the gnoll.
A giant cockroach comes into view.
Throwing (i - inventory)
d - 4 boomerangs (quivered)
Aim: a gnoll, wielding a +0 halberd
Okay, then.
A kobold comes into view. It is wielding a +0 short sword.
You see here a rat corpse.
Aim: a giant cockroach You freeze the giant cockroach.
The giant cockroach bites you.
Aim: a giant cockroach (heavily wounded)
You freeze the giant cockroach.
You kill the giant cockroach!
The kobold throws a stone.
The stone misses you.
You see here a stone.
You start resting.
A gnoll is nearby!
Aim: a gnoll, wielding a +0 halberd You freeze the gnoll.
The gnoll hits you with a +0 halberd!
Ouch! That really hurt!
You die...

##.. #...###... #...##
#...#...## #....###
#####......#
#.....#####..K.....#.#
#......##g.##.#.#.# ..
###≈........###...#..#
#. ##PP....(#####
#.####.# #.....P.g###
#.# .. ##......≈.@.##
#.# #.# #...P......≈≈#
#.# .. #....P.P...#P#
#.# #..........#≈# #.#
##≈..≈.≈....≈##
##.P≈P......≈≈.##
#....P≈P...≈PP≈≈#
#...≈P.....P..≈≈#
##..........≈≈≈##


You could see a gnoll.

Vanquished Creatures
  A giant cockroach (D:1)
  2 jackals (D:1)
  A rat (D:1)
4 creatures vanquished.

Notes
Turn   | Place    | Note
-------+----------+-------------------------------------------
     0 | D:1      | Apogee the Merfolk Ice Elementalist began the quest for the
                  | Orb.
     0 | D:1      | Reached XP level 1. HP: 13/13 MP: 3/3
   106 | D:1      | Slain by a gnoll

Illustrated notes

Levels and vault maps discovered:
D:1:      lemuel_arrival_muddy, layout_rooms, lemuel_old_faithful

Action                   || total
-------------------------++-------
Throw: Boomerang         ||     2
 Cast: Freeze            ||     6
Dodge: Dodged            ||     3

Table legend: (Time is in decaauts)
 A = Elapsed time spent in this place.
 B = Non-inter-level travel time spent in this place.
 C = Inter-level travel time spent in this place.
 D = Time resting spent in this place.
 E = Time spent auto-exploring this place.
 F = Levels seen in this place.
 G = Mean time per level.
                   A        B        C        D        E       F      G
               +--------+--------+--------+--------+--------+-----+--------+
         Total |    106 |    106 |      0 |     38 |     16 |   1 |  106.0 |
       Dungeon |    106 |    106 |      0 |     38 |     16 |   1 |  106.0 |
               +--------+--------+--------+--------+--------+-----+--------+

Top non-repeatable levels by time:
     D:1: 106 daAuts
